 Dungeon Crawl Stone Soup version 0.23.2-40-g277498a001 (webtiles) character file.

Game seed: 17791055728313846007

18 Aggronaut the Vexing (level 2, 0/19 HPs)
             Began as a Vampire Enchanter on Oct 3, 2019.
             Slain by a leopard gecko (5 damage)
             ... on level 1 of the Dungeon.
             The game lasted 00:02:15 (759 turns).

Aggronaut the Vexing (Vampire Enchanter)             Turns: 759, Time: 00:02:15

Health: 0/19       AC:  2    Str:  7    XL:     2   Next: 51%
Magic:  2/5        EV: 12    Int: 17    God:
Gold:   36         SH:  0    Dex: 14    Spells: 2/5 levels left

rFire    . . .     SeeInvis +   a - +1 dagger
rCold    . . .     Gourm    .   (no shield)
rNeg     + . .     Faith    .   b - +0 robe
rPois    .         Spirit   .   (no helmet)
rElec    .         Reflect  .   (no cloak)
rCorr    .         Harm     .   (no gloves)
MR       .....                  (no boots)
Stlth    +++.......             (no amulet)
HPRegen  0.06/turn              (no ring)
MPRegen  0.09/turn              (no ring)

@: very slightly contaminated
A: fangs 3, see invisible, unbreathing
a: no special abilities


You were on level 1 of the Dungeon.
You were not thirsty.

You visited 1 branch of the dungeon, and saw 1 of its levels.

You collected 36 gold pieces.

Inventory:

Hand Weapons
 a - a +1 dagger (weapon)
Armour
 b - a +0 robe (worn)
Jewellery
 i - an uncursed ring of protection from cold {unknown}
Scrolls
 e - a scroll of fear
 f - a scroll of immolation {unknown}
 g - a scroll of teleportation {unknown}
Potions
 c - a potion of agility {unknown}
 d - 2 potions of blood
 h - a potion of degeneration {unknown}


   Skills:
 - Level 1.1 Short Blades
 - Level 2.1 Dodging
 + Level 4.9 Stealth
 - Level 2.0 Spellcasting
 * Level 5.3 Hexes


You had 2 spell levels left.
You knew the following spells:

 Your Spells              Type           Power        Failure   Level  Hunger
a - Corona                Hex            ###....      2%          1    #......
b - Ensorcelled Hibernat  Hex/Ice        ##....       10%         2    ###....

Your spell library contained the following spells:

 Spells                   Type           Power        Failure   Level  Hunger
 Confuse                  Hex            ###.....     6%          3    ###....
 Tukima's Dance           Hex            ###.....     6%          3    ###....
 Dazzling Spray           Conj/Hex       ##....       19%         3    ###....


Dungeon Overview and Level Annotations

Branches:
Dungeon (1/15)

Altars:


Innate Abilities, Weirdness & Mutations

You have razor-sharp teeth.
You have supernaturally acute eyesight. (SInv)
You can survive without breathing.


Message History

The leopard gecko is almost dead.
The leopard gecko bites you.
* * * LOW HITPOINT WARNING * * *
The leopard gecko misses you.
The leopard gecko bites you but does no damage.
The leopard gecko barely misses you.
You see here 25 stones.
The leopard gecko misses you.
The leopard gecko bites you but does no damage.
The leopard gecko misses you.
Casting: Ensorcelled Hibernation (safe; 10% risk of failure)
Confirm with . or Enter, or press ? or * to list all spells.
Aiming: Ensorcelled Hibernation (safe; 10% risk of failure)
Press: ? - help, Shift-Dir - straight line, f/p - leopard gecko
Aim: a leopard gecko (severely wounded, clinging, chance to defeat MR: 59%)
You miscast Ensorcelled Hibernation.
You are very lightly contaminated with residual magic.
You hear an indistinct dissonance whispering inside your mind.
The leopard gecko bites you.
You die...

#.#
#.......#
#.#
#.......#
#.#
#.......#
#.#
#.......#
#.# #.#
#.......#
#.# #.#
####.####
#.. # #.#
#.# #.# #.
#.### #.#
#.# ..
#...# #@#
#.# ..
###.# #l#
#.# . #.#
###.# #†#
#.# ##..g##
#.# #.#
##.##..##
#.# #.#
##.###.#.##
#.#######
#.#
#.####.##.#
#.#......
#.# #.#
#..##.#
#.#.#####
#.#
#.###.###.#
#.#.#


You could see a leopard gecko and a goblin.

Vanquished Creatures
  A dart slug (D:1)
  3 bats (D:1)
  3 goblins (D:1)
  A hobgoblin (D:1)
  3 frilled lizards (D:1)
  3 kobolds (D:1)
  3 rats (D:1)
17 creatures vanquished.

Notes
Turn   | Place    | Note
-------+----------+-------------------------------------------
     0 | D:1      | Aggronaut the Vampire Enchanter began the quest for the
                  | Orb.
     0 | D:1      | Reached XP level 1. HP: 13/13 MP: 3/3
   322 | D:1      | Reached skill level 5 in Hexes
   322 | D:1      | Reached XP level 2. HP: 19/19 MP: 5/5
   479 | D:1      | Learned a level 2 spell: Ensorcelled Hibernation
   759 | D:1      | Slain by a leopard gecko

Skill      XL: |  1 |
---------------+----+-----
Hexes          | 5 |  5.3
Short Blades   | |  1.1
Dodging        | |  2.1
Stealth        | |  4.9
Spellcasting   | |  2.0

Action                   || total
-------------------------++-------
Melee: Dagger            ||    82
       Bite              ||     5
 Cast: Ensorcelled Hiber ||     2
  Use: Scroll            ||     1
 Stab: Sleeping          ||     5
  Eat: Corpse            ||     1
Armor: Robe              ||    27
Dodge: Dodged            ||    65
